 Dungeon Crawl Stone Soup version 0.31-a0-846-gb3bcc0d938 (webtiles) character file.

Game seed: 10358114753760180723

4379 retardedninja the Covert (level 10, -1/50 HPs)
             Began as a Gargoyle Fire Elementalist on Oct 3, 2023.
             Was a Believer of Vehumet.
             Slain by a manticore (20 damage)
             ... on level 7 of the Dungeon.
             The game lasted 00:19:50 (12324 turns).

retardedninja the Covert (GrFE)                    Turns: 12324, Time: 00:19:51

Health: -1/50      AC: 11    Str: 13    XL:     10   Next: 35%
Magic:  25/28      EV: 18    Int: 19    God:    Vehumet [**....]
Gold:   407        SH:  0    Dex: 10    Spells: 14/21 levels left

rFire   + . .        e - +8 whip "Myno" {chaos, MP+9}
rCold   x . .        (no shield)
rNeg    + . .        a - +0 robe
rPois   ∞            (no helmet)
rElec   +            (no cloak)
rCorr   +            p - +0 pair of gloves
SInv    .            r - +0 pair of boots
Will    .....        (no amulet)
Stlth   ++++         m - ring "Hac Huro" {rElec rCorr EV+5}
HPRegen 0.28/turn    A - ring of fire
MPRegen 0.21/turn

%: no passive effects
@: very slightly contaminated
A: sickness immunity, AC +7, negative energy resistance 1, electricity
resistance, torment resistance 1, petrification resistance
a: Renounce Religion


You were on level 7 of the Dungeon.
You worshipped Vehumet.
Vehumet was pleased with you.
You visited 2 branches of the dungeon, and saw 8 of its levels.
You also visited: Ossuary and Bailey.

You collected 407 gold pieces.

Inventory:

Hand Weapons
 e - the +8 whip "Myno" (weapon) {chaos, MP+9}
   (You took it off a goblin on level 3 of the Dungeon)

   MP+9:      It affects your magic capacity (+9).
Armour
 a - a +0 robe (worn)
 p - a +0 pair of gloves (worn)
 r - a +0 pair of boots (worn)
Jewellery
 b - a +6 ring of dexterity
 m - the ring "Hac Huro" (left hand) {rElec rCorr EV+5}
   (You took it off a centaur on level 7 of the Dungeon)

   [ring of evasion]

   EV+5:      It affects your evasion (+5).
   rElec:     It insulates you from electricity.
   rCorr:     It protects you from acid and corrosion.
 y - a ring of protection from fire
 A - a ring of fire (right hand)
Talismans
 d - a blade talisman
Wands
 o - a wand of digging (6)
Scrolls
 c - 2 scrolls of teleportation
 f - a scroll of poison
 g - a scroll of immolation
 h - a scroll of fog {unknown}
 q - a scroll of enchant armour {unknown}
 t - a scroll of noise {unknown}
Potions
 i - 4 potions of curing
 j - 4 potions of attraction
 k - a potion of lignification {unknown}
 l - 4 potions of heal wounds
 n - a potion of enlightenment
 u - a potion of ambrosia
 x - a potion of brilliance


   Skills:
 + Level 5.7 Dodging
 + Level 8.2 Stealth
 + Level 6.3 Spellcasting
 + Level 7.2 Conjurations
 + Level 7.2 Fire Magic


You had 14 spell levels left.
You knew the following spells:

 Your Spells              Type           Power      Damage    Failure   Level
a - Foxfire               Conj/Fire      100%       2x1d9     1%          1
b - Scorch                Fire           100%       2d9       1%          2
c - Flame Wave            Conj/Fire      50%        2d12      5%          4

Your spell library contained the following spells:

 Spells                   Type           Power      Damage    Failure   Level
 Magic Dart               Conj           100%       1d8       1%          1
 Searing Ray              Conj           66%        2d6       1%          2
 Inner Flame              Hex/Fire       29%        N/A       8%          3
 Volatile Blastmotes      Fire/Tloc      58%        2d14      8%          3
 Apportation              Tloc           12%        N/A       11%         1
 Necrotise                Necr           24%        1d5       11%         1
 Summon Small Mammal      Summ           24%        N/A       11%         1
 Ignite Poison            Fire/Tmut/Pois 22%        N/A       12%         3
 Fulminant Prism          Conj/Hex       9%         3d7       24%         4
 Summon Ice Beast         Ice/Summ       6%         N/A       71%         4
 Freezing Cloud           Conj/Ice/Air   7%         6-21      73%         5
 Eringya's Noxious Bog    Tmut/Pois      3%         4d6       100%        6
 Simulacrum               Ice/Necr       3%         N/A       100%        6
 Cigotuvi's Dreadful Rot  Necr/Pois/Air  Unusable   N/A       N/A         2

Dungeon Overview and Level Annotations

Branches:
Dungeon (7/15)             Temple (1/1) D:4         Ossuary (visited)
 Bailey (visited)

Altars:
Cheibriados
Dithmenos
Elyvilon
Fedhas
Gozag
Hepliaklqana
Kikubaaqudgha
Makhleb
Nemelex Xobeh
Okawaru
Ru
Sif Muna
Trog
Uskayaw
Vehumet
Yredelemnul
The Shining One

Annotations:
D:6 1 runed translucent door, Crazy Yiuf, Eustachio


Innate Abilities, Weirdness & Mutations

You are immune to sickness and miasma.
Your stone body is resilient. (AC +7)
You are immune to poison.
You resist negative energy. (rN+)
You are resistant to electric shocks. (rElec)
You are resistant to unholy torment.
You are immune to petrification.


Message History

Unknown command.
You start resting.
HP restored.
You start resting.
Magic restored.
You see here a yak corpse.
You see here a yak corpse.
Key pressed, stopping explore.
You see here a +0 troll leather armour.
You now have 386 gold pieces (gained 9).
You see here a +0 shortbow.
Key pressed, stopping explore.
You now have 407 gold pieces (gained 21).
Key pressed, stopping explore.
You pick up an uncut book and begin reading...
It was the Parchment of Corruption and Glaciation.
You add the spells Summon Ice Beast, Simulacrum and Eringya's Noxious Bog to your library.
A manticore comes into view.
A manticore is nearby!
A manticore is nearby!
The manticore barely misses you. The manticore claws you.
The manticore barely misses you.
Casting: Scorch (safe; 1% risk of failure)
Confirm with . or Enter, or press ? or * to list all spells.
Casting: Flame Wave (dangerous; 5% risk of failure)
Press: ? - help, Dir - look around, f - activate You feel a surge of power!
You miscast Flame Wave.
You are very lightly contaminated with residual magic.
Nothing appears to happen.
The manticore closely misses you. x2
The manticore completely misses you. The manticore misses you.
The manticore claws you! The manticore closely misses you.
Unknown command.
The manticore closely misses you. The manticore claws you.
The manticore completely misses you.
Unknown command.
The manticore bites you! The manticore claws you. x2
Unknown command.
The manticore bites you!!
You die...

***,,,**,,,,,.,,,**,,,,,***,
***,,,*******##.,,*****,,,***,
***,,,****,*##,#.#,***,,***,,,*,
**,,,*****,*,#.##.#*,****,,***,,,
,,,*** **,*#,,#....,*,* ***,,***,
,*******,**#.##...#,### ***,,**
#,,,,,,,** **..##8##.$#* ***,,
.###****,** ###H#...#*,* ***,,**
...### **,**#.#.@...#,,****,,***,
*#...###**,*##.##.##.#,**,,***,,,
#.#...###*,*##.#.#,##*,,***,,,,,
#.###...#####...######***,,,,,**
#.# ###...##.........#*,,,**,,*
#.# #.#..#.........#,,,,,,,,*
##.# #....##...##..##,,*****,*
...#####.##..#..##...#,,,*****,*
.............##..#..##.#.##>.,,*


You could see a manticore.

Vanquished Creatures
  An ugly thing (D:7)
  2 trolls (D:7)
  2 yaks (D:7)
  A vampire mosquito (D:7)
  3 steam dragons
  Menkaure (D:6)
  Edmund (D:5)
  2 ice beasts (D:7)
  5 orc warriors (Bailey)
  3 black bears
  3 ogres
  A centaur (D:7)
  2 phantoms
  Blork the orc (D:3)
  2 scorpions
  A bullfrog (D:7)
  3 water moccasin zombies (Ossuary)
  4 hounds
  A gnoll bouda (D:3)
  3 orc wizards
  5 iguanas
  2 mummies (Ossuary)
  8 gnolls
  7 adders
  A white imp (D:7)
  An ufetubus (D:5)
  3 adder zombies (Ossuary)
  4 worms
  3 dart slugs
  23 orcs
  6 ball pythons
  4 bats (D:2)
  7 endoplasms
  4 giant cockroaches
  3 gnoll zombies (Ossuary)
  11 goblins
  4 hobgoblins
  9 jackals
  6 kobolds
  A quokka (D:3)
  4 frilled lizards
  4 hobgoblin zombies (Ossuary)
  4 kobold zombies (Ossuary)
  8 orc zombies (Ossuary)
  6 rats
  A spectral orc (D:4)
181 creatures vanquished.

Vanquished Creatures (collateral kills)
  2 foxfires (D:4)
2 creatures vanquished.

Vanquished Creatures (others)
  604 foxfires
604 creatures vanquished.

Grand Total: 787 creatures vanquished

Notes
Turn   | Place    | Note
-------+----------+-------------------------------------------
     0 | D:1      | retardedninja the Gargoyle Fire Elementalist began the
                  | quest for the Orb.
     0 | D:1      | Reached XP level 1. HP: 10/10 MP: 3/3
   253 | D:1      | Found a faded altar of an unknown god.
   301 | D:1      | Reached XP level 2. HP: 15/15 MP: 1/5
   995 | D:1      | Learned a level 2 spell: Scorch
   997 | D:1      | Reached XP level 3. HP: 13/19 MP: 1/6
  1816 | D:2      | Reached XP level 4. HP: 21/24 MP: 0/7
  1829 | D:2      | Reached skill level 3 in Stealth
  2304 | D:2      | Identified the +8 whip "Myno" {chaos, MP+9}
  3585 | D:3      | Reached XP level 5. HP: 28/28 MP: 2/8
  3960 | D:3      | Found a hazy altar of Hepliaklqana.
  4169 | D:3      | Found a radiant altar of Vehumet.
  4189 | D:3      | Became a worshipper of Vehumet
  4298 | D:3      | Found a burning altar of Makhleb.
  4300 | D:3      | Found a bloodstained altar of Trog.
  4936 | D:4      | Noticed Blork the orc
  5769 | D:4      | Reached XP level 6. HP: 28/32 MP: 10/10
  5929 | D:3      | Killed Blork the orc
  5930 | D:3      | Reached skill level 4 in Stealth
  6129 | D:4      | Learned a level 4 spell: Flame Wave
  6186 | D:4      | Found a staircase to the Ecumenical Temple.
  6199 | Temple   | Entered the Ecumenical Temple
  6354 | D:4      | Found a basalt altar of Yredelemnul.
  6474 | D:4      | Found a shimmering blue altar of Sif Muna.
  6589 | D:4      | Reached XP level 7. HP: 36/36 MP: 2/12
  6803 | D:4      | Reached * piety under Vehumet
  6803 | D:4      | Offered knowledge of Freeze by Vehumet.
  7246 | D:5      | Entered Level 5 of the Dungeon
  7304 | D:5      | Found a snail-covered altar of Cheibriados.
  7362 | D:5      | Found a sand-covered staircase.
  7366 | Ossuary  | Entered an ossuary
  8116 | D:5      | Reached skill level 5 in Stealth
  8857 | D:5      | Offered knowledge of Searing Ray by Vehumet.
  8858 | D:5      | Reached XP level 8. HP: 38/41 MP: 14/14
  9001 | D:5      | Reached skill level 5 in Fire Magic
  9005 | D:5      | Reached ** piety under Vehumet
  9007 | D:6      | Noticed Edmund
  9296 | D:5      | Killed Edmund
  9726 | D:6      | Reached skill level 5 in Conjurations
  9754 | D:6      | Reached skill level 6 in Stealth
 10204 | D:6      | Noticed Menkaure
 10215 | D:6      | Killed Menkaure
 10216 | D:6      | Reached XP level 9. HP: 31/45 MP: 16/16
 10502 | D:6      | Found a runed translucent door.
 10502 | D:6      | Noticed Eustachio
 10503 | D:6      | Noticed Crazy Yiuf
 10645 | D:7      | Reached skill level 5 in Spellcasting
 10661 | D:7      | Noticed a troll
 11049 | D:7      | Killed a troll
 11050 | D:7      | Reached skill level 7 in Stealth
 11126 | D:7      | Reached skill level 5 in Dodging
 11151 | D:7      | Found a flagged portal.
 11171 | Bailey   | Entered a bailey
 11676 | Bailey   | Noticed an orc knight
 11870 | D:7      | Reached XP level 10. HP: 50/50 MP: 18/18
 11940 | D:7      | Noticed a red ugly thing
 12136 | D:7      | Identified the ring "Hac Huro" {rElec rCorr EV+5}
 12172 | D:7      | Killed a red ugly thing
 12173 | D:7      | Reached skill level 8 in Stealth
 12308 | D:7      | Got an uncut book
 12312 | D:7      | Noticed a manticore
 12324 | D:7      | Slain by a manticore

Illustrated notes

Levels and vault maps discovered:
D:1:      denvon_arrival_waterhouse, layout_basic, basic_ecumenical_altar
D:2:      minmay_diamond_boxcup, layout_loops_ring
D:3:      layout_basic, jmf_multi_god_temple, nzn_hepliaklqana_mist_gate,
          lemuel_doored_altar
D:4:      layout_basic, yredelemnul_forgotten_temple_becter,
          lemuel_blue_sif_altar, minmay_temple_entry_trees, st_stairs_8,
          minmay_circle_x, uniq_blork_the_orc
D:5:      layout_cave_pools, mainiacjoe_overflow_paths, enter_ossuary_5,
          serial_co_window_serial, co_window_paths_a,
          co_window_of_opportunity_a, co_window_paths_a, co_window_paths_b,
          co_window_paths_a, co_window_2corner, co_window_cross_2,
          co_window_2corner, co_window_corner_b, co_window_paths_d,
          glass_columns_a, glass_columns_a
D:6:      layout_loops_ring, corner_web_ring, uniq_crazy_yiuf_cottage,
          uniq_edmund, uniq_menkaure, uniq_eustachio
D:7:      minmay_the_grid_four_pointed_star
          [minmay_the_grid_triangle_9x9_pentomino_pain,
          minmay_the_grid_triangle_9x9_minimal,
          minmay_the_grid_triangle_9x9_warning,
          minmay_the_grid_triangle_9x9_thin_v, minmay_the_grid_prize_trominoes],
          layout_loops_ring, kennysheep_little_box, enter_bailey_5,
          chequers_mini_garden
Temple:   nicolae_temple_two_arcs

Skill      XL: |  1  2  3  4  5  6  7  8  9 10 |
---------------+-------------------------------+-----
Dodging        | 2 3 4 5 |  5.7
Conjurations   | 2 3 4 5 6 7 |  7.2
Stealth        | 3 4 5 6 7 8 |  8.2
Spellcasting   | 3 4 5 6 |  6.3
Fire Magic     | 4 5 6 7 |  7.2

Action                     |  1- 3 |  4- 6 |  7- 9 | 10-12 || total
---------------------------+-------+-------+-------+-------++-------
  Melee: Unarmed           |     6 |       |       |       ||     6
         Mace              |     3 |    11 |       |       ||    14
         Glaive            |       |     1 |       |       ||     1
         Whip              |       |       |     4 |       ||     4
   Cast: Foxfire           |    68 |   133 |   164 |     6 ||   371
         Scorch            |     3 |    43 |   118 |    20 ||   184
         Flame Wave        |       |       |     2 |     1 ||     3
    Use: Potion            |       |     1 |     6 |       ||     7
         Scroll            |       |     4 |    15 |       ||    19
 Armour: Robe              |    26 |    73 |   113 |    16 ||   228
  Dodge: Dodged            |    27 |    59 |   137 |    18 ||   241
         Form:             |       |     1 |       |       ||     1
         Blade             |       |     1 |       |       ||     1

Table legend: (Time is in decaauts)
 A = Elapsed time spent in this place.
 B = Non-inter-level travel time spent in this place.
 C = Inter-level travel time spent in this place.
 D = Time resting spent in this place.
 E = Time spent auto-exploring this place.
 F = Levels seen in this place.
 G = Mean time per level.
                   A        B        C        D        E       F      G
               +--------+--------+--------+--------+--------+-----+--------+
         Total |  12308 |  11934 |    374 |   3224 |   6689 |  10 | 1230.8 |
       Dungeon |  11133 |  10759 |    374 |   2561 |   6517 |   7 | 1590.4 |
        Temple |      1 |      1 |      0 |      0 |      0 |   1 |    1.0 |
       Ossuary |    649 |    649 |      0 |    312 |    152 |   1 |  649.0 |
        Bailey |    523 |    523 |      0 |    351 |     20 |   1 |  523.0 |
               +--------+--------+--------+--------+--------+-----+--------+

Top non-repeatable levels by time:
     D:3: 2795 daAuts
     D:2: 2067 daAuts
     D:5: 1686 daAuts
     D:6: 1410 daAuts
     D:1: 1220 daAuts
     D:4: 1172 daAuts
     D:7: 780 daAuts
 Ossuary: 649 daAuts
  Bailey: 523 daAuts
  Temple: 1 daAuts
